 Dungeon Crawl Stone Soup version 0.22.1-1-ga44c0e56f4 (webtiles) character file.

878 Kaderl the Firebug (level 8, 0/57 HPs)
             Began as a Human Fire Elementalist on Oct 9, 2018.
             Splashed by an orc warrior's acid (12 damage)
             ... on level 6 of the Dungeon on Oct 11, 2018.
             The game lasted 00:20:04 (5439 turns).

Kaderl the Firebug (Human Fire Elementalist)        Turns: 5439, Time: 00:20:04

Health: 0/57       AC:  3    Str:  9    XL:     8   Next: 25%
Magic:  14/23      EV: 13    Int: 18    God:
Gold:   298        SH:  0    Dex: 13    Spells: 10/16 levels left

rFire    . . .     SeeInvis .   (no weapon)
rCold    . . .     Gourm    .   (no shield)
rNeg     . . .     Faith    .   b - +1 robe
rPois    .         Spirit   .   (no helmet)
rElec    .         Reflect  .   (no cloak)
rCorr    .         Harm     .   (no gloves)
MR       .....                  (no boots)
Stlth    ++........             j - amulet of regeneration
HPRegen  0.59/turn              l - ring of magical power
MPRegen  0.18/turn              (no ring)

@: very slightly contaminated
A: no striking features
a: no special abilities


You were on level 6 of the Dungeon.
You were not hungry.

You visited 2 branches of the dungeon, and saw 7 of its levels.

You collected 298 gold pieces.

Inventory:

Hand Weapons
 p - a +0 long sword
Armour
 b - a +1 robe (worn)
Jewellery
 j - an amulet of regeneration (around neck)
 l - a ring of magical power (left hand)
 t - an uncursed ring of poison resistance
Scrolls
 f - 2 scrolls of identify
 g - a scroll of teleportation
 m - a scroll of remove curse
 s - a scroll of enchant weapon
Potions
 a - a potion of haste
 d - 4 potions of curing
 h - a potion of mutation
 k - a potion of heal wounds {unknown}
 o - a potion of magic {unknown}
 q - a potion of agility {unknown}
 r - 3 potions of lignification {unknown}
Comestibles
 c - 4 rations


   Skills:
 + Level 2.3 Fighting
 + Level 2.4 Long Blades
 + Level 3.1 Dodging
 + Level 2.4 Stealth
 + Level 0.3 Unarmed Combat
 + Level 4.5 Spellcasting
 + Level 4.3 Conjurations
 + Level 4.7 Fire Magic


You had 10 spell levels left.
You knew the following spells:

 Your Spells              Type           Power        Failure   Level  Hunger
a - Flame Tongue          Conj/Fire      ###..        2%          1    None
b - Throw Flame           Conj/Fire      ###...       3%          2    #......
c - Conjure Flame         Conj/Fire      ###.....     7%          3    ###....

Your spell library contained the following spells:

 Spells                   Type           Power        Failure   Level  Hunger
 Inner Flame              Hex/Fire       ##......     16%         3    ###....
 Sticky Flame             Conj/Fire      ###.....     22%         4    ####...
 Fireball                 Conj/Fire      ###.......   52%         5    ######.


Dungeon Overview and Level Annotations

Branches:
Dungeon (6/15)             Temple (1/1) D:6

Altars:
Ashenzari
Cheibriados
Dithmenos
Elyvilon
Fedhas
Gozag
Hepliaklqana
Kikubaaqudgha
Makhleb
Nemelex Xobeh
Okawaru
Qazlal
Ru
Sif Muna
Trog
Vehumet
Wu Jian
Xom
Yredelemnul
Zin
The Shining One

Shops:
D:5 =


Message History

The orc warrior zaps a wand.
The bolt of acid hits you! The acid corrodes you!
You are splashed with acid!
The acid burns!
Casting: Flame Tongue (safe; 2% risk of failure)
Confirm with . or Enter, or press ? or * to list all spells.
Aiming: Conjure Flame (safe; 7% risk of failure)
Press: ? - help, Dir - move target cursor, p - orc warrior You miscast Conjure Flame.
You are very lightly contaminated with residual magic.
Lukewarm flames ripple over your body.
The orc warrior zaps a wand.
The bolt of acid misses you.
Casting: Conjure Flame (safe; 7% risk of failure)
Confirm with . or Enter, or press ? or * to list all spells.
Aiming: Conjure Flame (safe; 7% risk of failure)
Press: ? - help, Dir - move target cursor The fire ignites!
You are no longer corroded.
The orc warrior zaps a wand.
The bolt of acid hits you!
* * * LOW HITPOINT WARNING * * *
You are splashed with acid!
The acid burns!
You die...

## . #. . #### ## #.
#..# ......#.######..#
.# #.....o..#..# .#
###.#.##.#..# ##.#
####o##..@.#
...#####....#####.#####
...+...........##.....#
((........####o######.#
...#......####.### #.#
.⌠.#.....).......#
##.######
...###.)........##
#.......#
........[.......#
#.......#
.>..⌠...........#
#.......####


You could see an orc warrior.

Vanquished Creatures
  2 phantoms
  An ogre (D:6)
  A centaur (D:6)
  A howler monkey (D:5)
  An electric eel (D:5)
  2 crimson imps (D:5)
  A hound (D:5)
  An orc priest (D:6)
  A jelly (D:5)
  3 orc wizards
  A worker ant (D:4)
  A hound skeleton (D:5)
  Robin (D:3)
  4 adders
  6 gnolls
  3 dart slugs
  3 leopard geckos
  7 orcs
  A ball python (D:3)
  2 giant cockroaches
  15 goblins
  8 hobgoblins
  A ball python skeleton (D:3)
  6 bats
  4 frilled lizards
  8 kobolds
  A quokka skeleton (D:5)
  10 rats
96 creatures vanquished.

Vanquished Creatures (others)
  A plant (D:5)
1 creature vanquished.

Grand Total: 97 creatures vanquished

Notes
Turn   | Place    | Note
-------+----------+-------------------------------------------
     0 | D:1      | Kaderl the Human Fire Elementalist began the quest for the
                  | Orb.
     0 | D:1      | Reached XP level 1. HP: 13/13 MP: 3/3
   210 | D:1      | Reached XP level 2. HP: 15/19 MP: 0/5
   804 | D:1      | Found a sparkling altar of Nemelex Xobeh.
   976 | D:2      | Reached XP level 3. HP: 24/24 MP: 4/6
  1167 | D:2      | Reached XP level 4. HP: 30/30 MP: 3/8
  1672 | D:2      | Learned a level 2 spell: Throw Flame
  2129 | D:3      | Reached XP level 5. HP: 19/35 MP: 6/9
  2338 | D:3      | Noticed Robin
  2768 | D:3      | Killed Robin
  2935 | D:4      | Learned a level 3 spell: Conjure Flame
  3010 | D:4      | Reached XP level 6. HP: 28/41 MP: 1/11
  3258 | D:4      | Noticed a phantom
  3276 | D:4      | Killed a phantom
  3276 | D:4      | Reached skill level 1 in Fighting
  3567 | D:4      | Found a shadowy altar of Dithmenos.
  3726 | D:5      | Entered Level 5 of the Dungeon
  3755 | D:5      | Reached XP level 7. HP: 37/48 MP: 13/13
  3953 | D:5      | Found an opulent altar of Gozag.
  4453 | D:5      | Found Lies's Jewellery Emporium.
  4826 | D:5      | Reached skill level 1 in Long Blades
  5064 | D:6      | Found a sacrificial altar of Ru.
  5064 | D:6      | Found an opulent altar of Gozag.
  5066 | D:6      | Found a basalt altar of Yredelemnul.
  5067 | D:6      | Found a glowing silver altar of Zin.
  5067 | D:6      | Found an iron altar of Okawaru.
  5067 | D:6      | Found a burning altar of Makhleb.
  5067 | D:6      | Found a stormy altar of Qazlal.
  5120 | D:6      | Reached XP level 8. HP: 47/56 MP: 11/14
  5214 | D:6      | Found a staircase to the Ecumenical Temple.
  5223 | Temple   | Entered the Ecumenical Temple
  5439 | D:6      | Splashed by an orc warrior's acid

Skill      XL: |  1  2  3  4  5  6  7  8 |
---------------+-------------------------+-----
Spellcasting   | 3 4 |  4.5
Fire Magic     | 4 |  4.7
Conjurations   | 2 3 4 |  4.3
Fighting       | 1 2 |  2.3
Long Blades    | 1 2 |  2.4
Dodging        | 3 |  3.1
Stealth        | |  2.4
Unarmed Combat | |  0.3

Action                   |  1- 3 |  4- 6 |  7- 9 || total
-------------------------+-------+-------+-------++-------
Melee: Unarmed           |     1 |    44 |     4 ||    49
       Long sword        |       |       |   109 ||   109
 Cast: Flame Tongue      |    41 |   128 |    55 ||   224
       Throw Flame       |       |     5 |    16 ||    21
       Conjure Flame     |       |     1 |     4 ||     5
  Use: Scroll            |       |     7 |     6 ||    13
  Eat: Ration            |     1 |     2 |     2 ||     5
Armor: Robe              |     2 |    26 |    29 ||    57
Dodge: Dodged            |     4 |    89 |    87 ||   180
       Rpst.: Long sword |       |       |    18 ||    18
